 Dungeon Crawl Stone Soup version 0.27-a0-1200-g94dc6ad4cf (webtiles) character file.

Game seed: 12500761785400786338

74 sergeynaz the Slasher (level 4, 0/38 HPs)
             Began as a Palentonga Berserker on June 2, 2021.
             Was a Believer of Trog.
             Slain by an adder (4 damage)
             ... on level 3 of the Dungeon.
             The game lasted 00:04:28 (2173 turns).

sergeynaz the Slasher (Palentonga Berserker)        Turns: 2173, Time: 00:04:29

Health: 0/38       AC:  4    Str: 21    XL:     4   Next: 9%
Magic:  4/4        EV:  9    Int:  8    God:    Trog [**....]
Gold:   124        SH:  0    Dex:  9    Spells: 3/3 levels left

rFire    . . .     SeeInvis +   a - +0 falchion
rCold    . . .     Faith    .   (no shield)
rNeg     . . .     Spirit   .   b - +0 animal skin
rPois    .         Reflect  .   (no helmet)
rElec    .         Harm     .   (no cloak)
rCorr    .         Rampage  .   (no gloves)
Will     .....                  (no barding)
Stlth    +.........             (no amulet)
HPRegen  0.12/turn              (no ring)
MPRegen  0.09/turn              (no ring)

@: lethally poisoned (0 -> -6)
A: large, rugged brown scales 3, see invisible, deformed body, roll 1, armoured
tail
a: Rolling Charge, Renounce Religion, Berserk, Trog's Hand


You were on level 3 of the Dungeon.
You worshipped Trog.
Trog was pleased with you.
You visited 1 branch of the dungeon, and saw 3 of its levels.

You collected 124 gold pieces.

Inventory:

Hand Weapons
 a - a +0 falchion (weapon)
Armour
 b - a +0 animal skin (worn)
Jewellery
 i - a ring of poison resistance
Scrolls
 c - 3 scrolls of identify {unknown}
 g - 2 scrolls of teleportation {unknown}
 h - 2 scrolls of amnesia {unknown}
 j - a scroll of fear {unknown}
 l - a scroll of enchant armour {unknown}
Potions
 d - a potion of attraction {unknown}
 e - a potion of invisibility {unknown}
 f - 2 potions of curing {unknown}
 k - a potion of heal wounds {unknown}


   Skills:
 + Level 3.6 Fighting
 + Level 4.0 Long Blades
 + Level 1.8 Armour
 + Level 1.9 Dodging
 + Level 0.2 Stealth


You had 3 spell levels left.
You didn't know any spells.
Your spell library was empty.

Dungeon Overview and Level Annotations

Branches:
Dungeon (3/15)

Altars:
Cheibriados


Innate Abilities, Weirdness & Mutations

You are completely covered in rugged brown scales. (AC +3, +7% HP)
You have supernaturally acute eyesight. (SInv)
Armour fits poorly on your strangely shaped body.
You can roll at nearby foes to attack.
You have a long armoured tail.


Message History

You are too injured to fight recklessly!
You are too injured to fight recklessly!
You are too injured to fight recklessly!
You are too injured to fight recklessly!
You closely miss the adder.
Your tail-slap misses the adder.
The adder is lightly wounded.
You feel sick. The adder barely misses you.
You riposte.
You miss the adder.
The adder is lightly wounded.
The adder closely misses you.
You closely miss the adder.
The adder is lightly wounded.
You feel sick. The adder barely misses you.
You miss the adder.
The adder is lightly wounded.
You feel sick.
You are no longer poisoned.
The adder barely misses you. The adder bites you.
You are poisoned.
The adder poisons you!
You barely miss the adder.
The adder is lightly wounded.
You feel sick. The adder closely misses you.
You miss the adder.
Your tail-slap misses the adder.
The adder is lightly wounded.
You feel sick.
The adder bites you but does no damage. x2
You hit the adder.
The adder is moderately wounded.
You feel sick. The adder bites you.
* * * LOW HITPOINT WARNING * * *
You hit the adder.
Your tail-slap misses the adder.
The adder is severely wounded.
You feel sick. The adder bites you.
* * * LOW HITPOINT WARNING * * *
You are lethally poisoned!
The adder poisons you!
You hit the adder but do no damage.
The adder is severely wounded.
* * * LOW HITPOINT WARNING * * *
You feel sick. The adder bites you.
You die...

.. #. #####.### ##.
........## ##...
#######....#...##...
........#.........#
....##............##
.......#
#.....)...#####
.....###
#....#.@S......
.....#
#.(....##......
....######...####
#.... .............#
##. .....).......#
....######^..#####
....>...<..........
##########...######
#####


You could see an adder.

Vanquished Creatures
  2 adders
  A worm (D:2)
  3 dart slugs
  An orc (D:3)
  3 endoplasms (D:2)
  2 giant cockroaches (D:2)
  4 goblins
  2 hobgoblins
  A jackal (D:3)
  5 kobolds
  2 quokkas
  6 ball pythons
  4 bats (D:2)
  5 frilled lizards
  5 rats
46 creatures vanquished.

Notes
Turn   | Place    | Note
-------+----------+-------------------------------------------
     0 | D:1      | sergeynaz the Palentonga Berserker began the quest for the
                  | Orb.
     0 | D:1      | Reached XP level 1. HP: 19/19 MP: 1/1
   193 | D:1      | Found a faded altar of an unknown god.
   202 | D:1      | Reached XP level 2. HP: 14/25 MP: 2/2
  1079 | D:2      | Reached XP level 3. HP: 30/31 MP: 3/3
  1157 | D:2      | Reached ** piety under Trog
  2027 | D:3      | Reached XP level 4. HP: 36/38 MP: 4/4
  2076 | D:3      | Reached skill level 4 in Long Blades
  2076 | D:3      | Found a snail-covered altar of Cheibriados.
  2173 | D:3      | Slain by an adder

Illustrated notes

Levels and vault maps discovered:
D:1:      lemuel_arrival_hallway, layout_rooms, ebering_ecumenical_altar_rust,
          minmay_tromino_v2
D:2:      layout_loops_corners, st_stairs_12, feat_on_display
D:3:      minmay_inner_zag, layout_rooms, kennysheep_slug_shrine,
          corexii_hall_statues_deadend

Skill      XL: |  1  2  3  4 |
---------------+-------------+-----
Long Blades    | 4 |  4.0
Fighting       | |  3.6
Armour         | |  1.8
Dodging        | |  1.9
Stealth        | |  0.2

Action                   |  1- 3 |  4- 6 || total
-------------------------+-------+-------++-------
Melee: Falchion          |   109 |    22 ||   131
       Tailslap          |    16 |     2 ||    18
Armor: Animal skin       |    50 |     7 ||    57
Dodge: Dodged            |    57 |    11 ||    68
       Rpst.: Falchion   |    24 |     1 ||    25

Table legend: (Time is in decaauts)
 A = Elapsed time spent in this place.
 B = Non-inter-level travel time spent in this place.
 C = Inter-level travel time spent in this place.
 D = Time resting spent in this place.
 E = Time spent auto-exploring this place.
 F = Levels seen in this place.
 G = Mean time per level.
                   A        B        C        D        E       F      G
               +--------+--------+--------+--------+--------+-----+--------+
         Total |   2188 |   2155 |     33 |      0 |   1817 |   3 |  729.3 |
       Dungeon |   2188 |   2155 |     33 |      0 |   1817 |   3 |  729.3 |
               +--------+--------+--------+--------+--------+-----+--------+

Top non-repeatable levels by time:
     D:2: 1082 daAuts
     D:1: 742 daAuts
     D:3: 363 daAuts
